[Event "Wed Night Engine Tour 9 Rd Swiss 5m+1s Starts at 2200hrs ST"]
[Site "Infinity Chess"]
[Date "2018.4.12"]
[Round "9"]
[White "Thor"]
[Black "Dovahkiin"]
[Result "1/2-1/2"]
[ECO "C50"]
[WhiteElo "2514"]
[BlackElo "2395"]
[WhiteEngine "Cfish 2018-04-08 64 NUMA BMI2"]
[BlackEngine "Raubfisch ME262_GTZ16f_CTG"]
[EventType "Swiss"]
[WhiteTeam ""]
[BlackTeam ""]
[PlyCount "122"]
[TimeControl "300+1"]

1. e4 e5 2. Nf3 Nc6 3. Bc4 Bc5 4. O-O Nf6 5. d3 d6 6. c3 O-O 7. Nbd2 a5 
8. Re1 Be6 9. Bb5 h6 10. Nf1 Ne7 11. d4 exd4 12. cxd4 Bb6 13. Ng3 d5 14. e5 Ne4 
15. Nxe4 dxe4 16. Rxe4 c5 17. Be3 Qd5 18. Bd3 Nf5 19. Qe2 cxd4 20. Bd2 Rfc8 
21. g4 Ne7 22. Nh4 Rc5 23. Re1 Re8 24. g5 h5 25. Qxh5 g6 26. Nxg6 Nxg6 
27. Rf4 Nxf4 28. Bxf4 Kf8 29. g6 Ke7 30. Be4 Qc4 31. Qh6 Rcc8 32. Bxb7 Rg8 
33. Bg5+ Ke8 34. Bxc8 Qxc8 35. g7 Kd7 36. Qh7 Qa8 37. h3 Kc6 38. Kh2 Kb7 
39. Qe4+ Kb8 40. Qxa8+ Kxa8 41. Bf6 Bxa2 42. h4 Be6 43. Kg3 d3 44. h5 Bf5 
45. h6 Kb7 46. Rh1 Bh7 47. f4 Rc8 48. Rd1 Kc6 49. f5 Be3 50. Rxd3 Bxh6 
51. Rd6+ Kb5 52. e6 fxe6 53. Rxe6 Rc1 54. Re7 Bxg7 55. Bxg7 Bxf5 56. Re5+ Kc6 
57. Rxf5 Rg1+ 58. Kf2 Rxg7 59. Rxa5 Rb7 60. Ra6+ Kb5 61. Rf6 Kc4 1/2-1/2

[Event "Wed Night Engine Tour 9 Rd Swiss 5m+1s Starts at 2200hrs ST"]
[Site "Infinity Chess"]
[Date "2018.4.12"]
[Round "9"]
[White "star99"]
[Black "Murx"]
[Result "1/2-1/2"]
[ECO "D05"]
[WhiteElo "2487"]
[BlackElo "2528"]
[WhiteEngine "Cryptic Heroes 9.3B"]
[BlackEngine "asmFishW_2018-04-07_popcnt"]
[EventType "Swiss"]
[WhiteTeam ""]
[BlackTeam ""]
[PlyCount "178"]
[TimeControl "300+1"]

1. d4 d5 2. Nf3 Nf6 3. e3 e6 4. c4 c6 5. b3 c5 6. Bb2 cxd4 7. exd4 Bb4+ 
8. Nbd2 b6 9. a3 Be7 10. Bd3 Nbd7 11. O-O Bb7 12. Re1 O-O 13. Nb1 Rc8 
14. Nbd2 Nh5 15. Rc1 g6 16. Nb1 Ng7 17. Nc3 Re8 18. Nb5 a6 19. Nc3 Rc7 
20. h3 Qb8 21. a4 Qd8 22. Qe2 Bb4 23. Red1 Qa8 24. cxd5 exd5 25. Qf1 Ne6 
26. Ne2 Qd8 27. Rxc7 Qxc7 28. Rc1 Qd8 29. Rc2 Nb8 30. Qc1 Bd6 31. g3 a5 
32. Nc3 Na6 33. Nb5 Be7 34. Bc3 Nb4 35. Bxb4 Bxb4 36. Bf1 Kg7 37. h4 Qf6 
38. Bg2 Qf5 39. Kh2 h6 40. Rc3 Nd8 41. Re3 Rxe3 42. Qxe3 Nc6 43. Nc7 Qe4 
44. Ne5 Qxe3 45. fxe3 Ne7 46. Ne8+ Kf8 47. Nf6 Kg7 48. Ne8+ Kg8 49. Bf3 h5 
50. Bg2 f5 51. Nf6+ Kh8 52. Nfd7 Bd2 53. Nf7+ Kh7 54. Ng5+ Kg8 55. Nxb6 Bxe3 
56. Ne6 Kh7 57. Nf8+ Kg7 58. Ne6+ Kh6 59. Bf3 Kh7 60. Kg2 Kh6 61. Kf1 Ba6+ 
62. Be2 Bb7 63. Bd3 Nc6 64. Nxd5 Bxd4 65. b4 Ne5 66. Ndf4 Nxd3 67. Nxd3 Bb6 
68. b5 Bd5 69. Ndc5 Ba7 70. Ke2 Bc4+ 71. Kd1 Bxe6 72. Nxe6 Bf2 73. Ke2 Bxg3 
74. Nd4 Bxh4 75. Nc6 Bg3 76. Nxa5 h4 77. Nc4 h3 78. Kf1 f4 79. Ne5 g5 80. a5 f3 
81. Nxf3 Bd6 82. a6 Bc5 83. Ne5 Kh5 84. Nd7 Bd4 85. b6 g4 86. a7 g3 87. a8=Q g2+ 
88. Qxg2 hxg2+ 89. Kxg2 Bxb6 1/2-1/2

[Event "Wed Night Engine Tour 9 Rd Swiss 5m+1s Starts at 2200hrs ST"]
[Site "Infinity Chess"]
[Date "2018.4.12"]
[Round "9"]
[White "ocirema"]
[Black "MCDermont"]
[Result "0-1 "]
[ECO "C55"]
[WhiteElo "2511"]
[BlackElo "2571"]
[WhiteEngine "asmFishW_2018-04-11_popcnt"]
[BlackEngine "BrainFish 090218"]
[EventType "Swiss"]
[WhiteTeam ""]
[BlackTeam ""]
[PlyCount "100"]
[TimeControl "300+1"]

1. e4 e5 2. Nf3 Nc6 3. Bc4 Nf6 4. d3 Bc5 5. O-O d6 6. c3 O-O 7. h3 a5 8. Re1 h6 
9. a4 Be6 10. Nbd2 Bxc4 11. Nxc4 Re8 12. Be3 Bxe3 13. Nxe3 b6 14. Qb3 Ne7 
15. g3 Qc8 16. Kg2 Qb7 17. Re2 Nd7 18. Qc2 Nc5 19. b4 axb4 20. cxb4 Ne6 
21. Qb1 b5 22. a5 Ra6 23. Rb2 Rc8 24. Ra3 Rb8 25. Rab3 Rf8 26. Rc3 Rb8 
27. Rcb3 Rf8 28. Qa2 Qa8 29. Ra3 Qb7 30. Nd5 c6 31. Nxe7+ Qxe7 32. Qb1 Rb8 
33. Nh4 g6 34. Nf3 Kg7 35. Rc3 f6 36. Rc1 Qd7 37. Qc2 c5 38. Qb3 h5 39. Rcb1 g5 
40. Qc3 Kg6 41. Ne1 h4 42. Nf3 Rh8 43. Rh1 Ra7 44. Qb3 Rb8 45. Rhb1 Kg7 
46. Rc1 Rh8 47. Rh1 Kg6 48. Ra2 Rc7 49. Rb2 c4 50. dxc4 Rxc4 0-1

[Event "Wed Night Engine Tour 9 Rd Swiss 5m+1s Starts at 2200hrs ST"]
[Site "Infinity Chess"]
[Date "2018.4.12"]
[Round "9"]
[White "Victorious"]
[Black "RonWeasley"]
[Result "1/2-1/2"]
[ECO "C12"]
[WhiteElo "2583"]
[BlackElo "2517"]
[WhiteEngine "Cfish_x64_060418_LTO_popcnt"]
[BlackEngine "BrainFish 090218_CTG"]
[EventType "Swiss"]
[WhiteTeam ""]
[BlackTeam ""]
[PlyCount "42"]
[TimeControl "300+1"]

1. e4 e6 2. d4 d5 3. Nc3 Nf6 4. Bg5 Bb4 5. e5 h6 6. Bd2 Bxc3 7. bxc3 Ne4 
8. Qg4 Kf8 9. Bd3 Nxd2 10. Kxd2 c5 11. h4 Qa5 12. Rh3 cxd4 13. Rg3 Qxc3+ 
14. Ke2 Rg8 15. Re1 Nc6 16. Kf1 Qb4 17. Nf3 Ke8 18. Bh7 Rh8 19. Bd3 Rg8 
20. Bh7 Rh8 21. Bd3 Rg8 1/2-1/2

[Event "Wed Night Engine Tour 9 Rd Swiss 5m+1s Starts at 2200hrs ST"]
[Site "Infinity Chess"]
[Date "2018.4.12"]
[Round "8"]
[White "TasicV"]
[Black "Victorious"]
[Result "1/2-1/2"]
[ECO "C50"]
[WhiteElo "2453"]
[BlackElo "2588"]
[WhiteEngine "SugaR.XPrO.1.4.64.POCNT_CTG"]
[BlackEngine "Cfish_x64_060418_LTO_popcnt"]
[EventType "Swiss"]
[WhiteTeam ""]
[BlackTeam ""]
[PlyCount "133"]
[TimeControl "300+1"]

1. e4 e5 2. Nf3 Nc6 3. Bc4 Bc5 4. O-O Nf6 5. d3 d6 6. c3 a5 7. Bg5 Ba7 
8. Nbd2 h6 9. Bh4 O-O 10. Re1 g5 11. Bg3 Nh7 12. h3 g4 13. hxg4 Bxg4 14. Kh1 Kh8 
15. Qc2 Qf6 16. Nh2 Be6 17. Bxe6 fxe6 18. Ndf3 Qg7 19. Qb3 Rg8 20. Rg1 Qd7 
21. Raf1 Bb6 22. Bh4 Ne7 23. Qd1 Ng6 24. g3 Qg7 25. a3 Raf8 26. b4 Rf7 27. c4 c6 
28. Qe2 Ba7 29. bxa5 Bc5 30. a4 Bb4 31. Qe3 c5 32. Ng4 Nxh4 33. gxh4 Qf8 
34. Ngh2 Nf6 35. Rxg8+ Kxg8 36. Ng1 Nh5 37. Nh3 Bxa5 38. Qe2 Ng7 39. Qg4 Bd8 
40. f4 exf4 41. Rxf4 e5 42. Rxf7 Qxf7 43. Ng1 Qe6 44. Kg2 h5 45. Qh3 Qxh3+ 
46. Kxh3 Ne6 47. Ne2 Nf4+ 48. Nxf4 exf4 49. Nf3 Kf7 50. Kg2 Ke6 51. Kh3 Kd7 
52. Kh2 b6 53. Kg2 Ke6 54. d4 cxd4 55. Nxd4+ Kf7 56. Ne2 Bxh4 57. Nxf4 Kf6 
58. Kf3 Bg5 59. Nxh5+ Ke5 60. Kg4 Kd4 61. a5 bxa5 62. Kxg5 a4 63. Ng3 a3 
64. Ne2+ Kxc4 65. Nc1 Kc3 66. Kf6 Kc2 67. Na2 1/2-1/2

[Event "Wed Night Engine Tour 9 Rd Swiss 5m+1s Starts at 2200hrs ST"]
[Site "Infinity Chess"]
[Date "2018.4.12"]
[Round "8"]
[White "Arch Stanton"]
[Black "star99"]
[Result "1/2-1/2"]
[ECO "A46"]
[WhiteElo "2390"]
[BlackElo "2491"]
[WhiteEngine "stockfish_18041017_x64_bmi2"]
[BlackEngine "Cryptic Heroes 9.3B"]
[EventType "Swiss"]
[WhiteTeam ""]
[BlackTeam ""]
[PlyCount "127"]
[TimeControl "300+1"]

1. d4 Nf6 2. Nf3 e6 3. c4 b6 4. g3 Bb7 5. Bg2 Be7 6. O-O O-O 7. b3 d5 
8. cxd5 exd5 9. Bb2 Re8 10. Nc3 Nbd7 11. Rc1 Rc8 12. e3 h6 13. Ne5 Bd6 14. f4 c5 
15. Qd3 a6 16. Qf5 cxd4 17. exd4 Nf8 18. Ra1 Rc7 19. Qd3 b5 20. Nd1 Ne4 
21. Ne3 Nd7 22. a3 Ndf6 23. Rac1 Rxc1 24. Rxc1 h5 25. Qe2 Qb6 26. Qd3 g6 
27. Rc2 b4 28. a4 Bb8 29. Bf3 Ba7 30. Kg2 a5 31. Qb5 Qxb5 32. axb5 Nd6 
33. Be2 Bb6 34. h3 Ra8 35. Nc6 Kf8 36. g4 a4 37. bxa4 Rxa4 38. Rc1 Ra2 
39. Nd1 Nc4 40. Nxb4 Ne3+ 41. Nxe3 Rxb2 42. Nec2 hxg4 43. hxg4 Ba5 44. Nd3 Rxb5 
45. Nce1 Kg7 46. Rc5 Rxc5 47. dxc5 Ba6 48. Nc2 Nxg4 49. Kf3 Bxd3 50. Bxd3 f5 
51. Ba6 Nf6 52. Bb7 Nd7 53. c6 Nf6 54. Nb4 Bc7 55. Na6 Ne8 56. Nxc7 Nxc7 
57. Ke3 Ne6 58. Bc8 Kf6 59. Bxe6 Kxe6 60. c7 Kd7 61. Kd4 Kxc7 62. Kxd5 Kd7 
63. Kd4 Ke6 64. Ke3 1/2-1/2

[Event "Wed Night Engine Tour 9 Rd Swiss 5m+1s Starts at 2200hrs ST"]
[Site "Infinity Chess"]
[Date "2018.4.12"]
[Round "8"]
[White "MGR"]
[Black "Vimtiroba"]
[Result "1/2-1/2"]
[ECO "C50"]
[WhiteElo "2498"]
[BlackElo "2512"]
[WhiteEngine "asmFishW_2018-04-08_popcnt"]
[BlackEngine "SF9 ''A5''_CTG"]
[EventType "Swiss"]
[WhiteTeam ""]
[BlackTeam ""]
[PlyCount "118"]
[TimeControl "300+1"]

1. e4 e5 2. Nf3 Nc6 3. Bc4 Bc5 4. O-O Nf6 5. d3 O-O 6. c3 a5 7. d4 Bb6 
8. dxe5 Ng4 9. Bf4 Qe8 10. Qd5 Ne7 11. Qd2 Ng6 12. Na3 N6xe5 13. Nxe5 Nxe5 
14. Bb5 Qe7 15. Bg5 f6 16. Be3 Bxe3 17. Qxe3 d6 18. f4 Nd7 19. Bc4+ Kh8 
20. Nb5 c6 21. Nc7 Rb8 22. Ne6 Re8 23. Rad1 Nb6 24. Qxb6 Bxe6 25. Bxe6 Qxe6 
26. Rfe1 Qg4 27. Qe3 Qe6 28. Re2 Kg8 29. Qd3 Rbd8 30. b3 d5 31. e5 fxe5 
32. Rxe5 Qf7 33. Rde1 Rxe5 34. fxe5 Re8 35. a4 Re6 36. Qd4 Qc7 37. Re2 Qe7 
38. h3 h6 39. b4 axb4 40. cxb4 Qd7 41. Kh2 Re8 42. Kh1 Qe6 43. Re1 Qd7 
44. Kg1 Kh7 45. Re2 Qe6 46. Kh2 Kg8 47. b5 cxb5 48. axb5 b6 49. g4 Rc8 
50. Kg2 Rc4 51. Qd3 d4 52. Qe4 Rc3 53. Qxd4 Qb3 54. Qf4 g5 55. Qe4 Rg3+ 
56. Kf1 Rf3+ 57. Kg2 Rg3+ 58. Kf1 Rf3+ 59. Kg2 Rg3+ 1/2-1/2

[Event "Wed Night Engine Tour 9 Rd Swiss 5m+1s Starts at 2200hrs ST"]
[Site "Infinity Chess"]
[Date "2018.4.12"]
[Round "8"]
[White "RonWeasley"]
[Black "Dovahkiin"]
[Result "1/2-1/2"]
[ECO "D30"]
[WhiteElo "2522"]
[BlackElo "2390"]
[WhiteEngine "BrainFish 090218_CTG"]
[BlackEngine "Raubfisch ME262_GTZ16f_CTG"]
[EventType "Swiss"]
[WhiteTeam ""]
[BlackTeam ""]
[PlyCount "98"]
[TimeControl "300+1"]

1. d4 d5 2. c4 e6 3. Nf3 Nf6 4. Nc3 c6 5. Bg5 h6 6. Bxf6 Qxf6 7. e3 Nd7 
8. Be2 g6 9. O-O Bg7 10. e4 dxe4 11. Nxe4 Qf4 12. Qc2 f5 13. Ned2 c5 14. g3 Qc7 
15. Nh4 Bxd4 16. Nxg6 Rg8 17. Nh4 Nf6 18. Ndf3 Rxg3+ 19. hxg3 Qxg3+ 20. Ng2 Ng4 
21. Qd2 Bxf2+ 22. Rxf2 Qxf2+ 23. Kh1 Bd7 24. Ne5 O-O-O 25. Nxg4 fxg4 26. Rd1 h5 
27. b3 b6 28. Qd3 Qf5 29. Kg1 Qxd3 30. Rxd3 Be8 31. Kf2 Rxd3 32. Bxd3 Kd8 
33. Kg3 Ke7 34. Nf4 Kf6 35. Kh4 Ke5 36. Ne2 Bf7 37. Kg5 a6 38. Bc2 Be8 
39. Bd3 Bf7 40. Kh4 Be8 41. Bb1 b5 42. cxb5 axb5 43. Bd3 Kd6 44. Nc3 b4 
45. Ne2 e5 46. Be4 Bf7 47. Bd3 Be8 48. Be4 Bf7 49. Bd3 Be8 1/2-1/2

[Event "Wed Night Engine Tour 9 Rd Swiss 5m+1s Starts at 2200hrs ST"]
[Site "Infinity Chess"]
[Date "2018.4.12"]
[Round "8"]
[White "Murx"]
[Black "Thor"]
[Result "1/2-1/2"]
[ECO "A22"]
[WhiteElo "2529"]
[BlackElo "2513"]
[WhiteEngine "asmFishW_2018-04-07_popcnt"]
[BlackEngine "Cfish 2018-04-08 64 NUMA BMI2"]
[EventType "Swiss"]
[WhiteTeam ""]
[BlackTeam ""]
[PlyCount "146"]
[TimeControl "300+1"]

1. c4 e5 2. Nc3 Nf6 3. Nf3 Nc6 4. g3 Bb4 5. Bg2 O-O 6. O-O e4 7. Ng5 Bxc3 
8. bxc3 Re8 9. Qc2 Qe7 10. d3 exd3 11. exd3 d6 12. Nf3 h6 13. Nd4 Nxd4 
14. cxd4 c6 15. Rb1 Qe2 16. Qxe2 Rxe2 17. a3 Bf5 18. Rd1 Rae8 19. Bf1 Rc2 
20. Be3 b6 21. h3 d5 22. Rdc1 Ra2 23. Ra1 Rxa1 24. Rxa1 g5 25. g4 Be6 26. a4 Kg7 
27. Re1 Kg6 28. f3 Ng8 29. Bd2 Rd8 30. Bc3 Bd7 31. a5 b5 32. Bb4 f5 33. Re5 Nf6 
34. a6 f4 35. Bc5 Rb8 36. Bxa7 Ra8 37. Bc5 Rxa6 38. cxb5 cxb5 39. Re2 Ng8 
40. Kf2 Kf7 41. Bb4 Ra1 42. Bc5 Ra4 43. Kg1 Be6 44. Rb2 Bd7 45. Re2 Kg6 
46. Kf2 Ra6 47. Bb4 Nf6 48. Be7 Ra1 49. Bb4 Rb1 50. Bf8 h5 51. Re7 Bxg4 
52. hxg4 hxg4 53. Rg7+ Kf5 54. Be7 gxf3 55. Rf7 Rb2+ 56. Kg1 Ke6 57. Rxf6+ Kxe7 
58. Rg6 b4 59. Rxg5 b3 60. Rxd5 Rd2 61. Rb5 b2 62. Rb7+ Kd6 63. Rb6+ Kc7 
64. Rb3 f2+ 65. Kg2 Kd6 66. Rb6+ Kc7 67. Rb4 Kc6 68. Rb3 Kd5 69. Rb4 f3+ 
70. Kxf3 Rd1 71. Rxb2 Rxf1 72. Rxf2 Rxf2+ 73. Kxf2 Kxd4 1/2-1/2

[Event "Wed Night Engine Tour 9 Rd Swiss 5m+1s Starts at 2200hrs ST"]
[Site "Infinity Chess"]
[Date "2018.4.12"]
[Round "8"]
[White "MCDermont"]
[Black "Deep_Impact"]
[Result "1-0"]
[ECO "B12"]
[WhiteElo "2556"]
[BlackElo "2522"]
[WhiteEngine "BrainFish 090218"]
[BlackEngine "asmFishW_2018-04-07_bmi2"]
[EventType "Swiss"]
[WhiteTeam ""]
[BlackTeam ""]
[PlyCount "145"]
[TimeControl "300+1"]

1. e4 c6 2. d4 d5 3. e5 c5 4. Nf3 cxd4 5. Nxd4 Nc6 6. c4 e6 7. Nc3 Bc5 
8. Nxc6 bxc6 9. Be2 Ne7 10. O-O O-O 11. Na4 Bb6 12. b3 Ng6 13. Ba3 Re8 
14. Bd6 Bc7 15. Bxc7 Qxc7 16. f4 Ba6 17. Qd4 Rad8 18. Nc5 Qa5 19. a4 dxc4 
20. Qe3 Rb8 21. bxc4 Rb4 22. Rac1 Bc8 23. Bd3 Rd8 24. g4 Qc7 25. Rf2 Re8 
26. Ne4 Qb6 27. c5 Qd8 28. Nd6 Rf8 29. Rb1 Qa5 30. h3 Ne7 31. Rxb4 Qxb4 
32. Qe4 Qxe4 33. Bxe4 Ba6 34. Rb2 g6 35. Kf2 Rd8 36. Ke3 Kg7 37. h4 Kg8 
38. Kd4 h6 39. Kc3 Kg7 40. h5 Rf8 41. Rg2 Kh8 42. Rf2 gxh5 43. gxh5 Rb8 
44. Rg2 Rf8 45. Kb4 f5 46. exf6 Rxf6 47. Ka5 Bc8 48. Nxc8 Nxc8 49. Bxc6 Ne7 
50. Bb5 Rf5 51. Rc2 Nd5 52. c6 Rf8 53. Bc4 Nc7 54. Rd2 Rf5+ 55. Bb5 Rf8 
56. Rd7 Rc8 57. Bc4 Ne8 58. Kb5 Nf6 59. Rxa7 Rb8+ 60. Rb7 Rg8 61. c7 Ne8 
62. Bxe6 Nxc7+ 63. Rxc7 Rg1 64. f5 Re1 65. Kc5 Rh1 66. f6 Rxh5+ 67. Kd6 Ra5 
68. Ke7 h5 69. f7 Ra8 70. Kf6 Rf8 71. Rc5 Rxf7+ 72. Bxf7 h4 73. Rh5# 1-0

[Event "Wed Night Engine Tour 9 Rd Swiss 5m+1s Starts at 2200hrs ST"]
[Site "Infinity Chess"]
[Date "2018.4.11"]
[Round "7"]
[White "Dovahkiin"]
[Black "Arch Stanton"]
[Result "1/2-1/2"]
[ECO "C55"]
[WhiteElo "2390"]
[BlackElo "2400"]
[WhiteEngine "Raubfisch ME262_GTZ16f_CTG"]
[BlackEngine "stockfish_18041017_x64_bmi2_CTG"]
[EventType "Swiss"]
[WhiteTeam ""]
[BlackTeam ""]
[PlyCount "97"]
[TimeControl "300+1"]

1. e4 e5 2. Nf3 Nc6 3. Bc4 Nf6 4. d3 Bc5 5. O-O d6 6. c3 O-O 7. Bg5 a5 8. a4 h6 
9. Bh4 g5 10. Bg3 Kg7 11. Nbd2 Ba7 12. Re1 Ng8 13. Nf1 h5 14. h3 Nh6 15. d4 g4 
16. Bh4 f6 17. Ng3 Qe8 18. Nh2 Kh8 19. Rc1 Qg6 20. Ba2 f5 21. exf5 Nxf5 
22. Nxf5 Bxf5 23. hxg4 hxg4 24. Qd2 Bb6 25. Nf1 exd4 26. cxd4 Nb4 27. Bc4 d5 
28. Bb3 Nd3 29. Bxd5 Nxc1 30. Rxc1 c6 31. Bc4 Rae8 32. Ng3 Qd6 33. Nxf5 Rxf5 
34. Bg3 Qf6 35. Re1 Rxe1+ 36. Qxe1 Kg7 37. Bd3 Rd5 38. Bc4 Rf5 39. Be6 Rg5 
40. Bh4 g3 41. Bxg5 Qxg5 42. Qe3 gxf2+ 43. Qxf2 Qf6 44. Qxf6+ Kxf6 45. Bc8 Bxd4+ 
46. Kf1 b5 47. Bd7 bxa4 48. Bxc6 Bxb2 49. Bxa4 1/2-1/2

[Event "Wed Night Engine Tour 9 Rd Swiss 5m+1s Starts at 2200hrs ST"]
[Site "Infinity Chess"]
[Date "2018.4.11"]
[Round "7"]
[White "MGR"]
[Black "ocirema"]
[Result "1/2-1/2"]
[ECO "C50"]
[WhiteElo "2497"]
[BlackElo "2511"]
[WhiteEngine "asmFishW_2018-04-08_popcnt"]
[BlackEngine "asmFishW_2018-04-11_popcnt"]
[EventType "Swiss"]
[WhiteTeam ""]
[BlackTeam ""]
[PlyCount "143"]
[TimeControl "300+1"]

1. e4 e5 2. Nf3 Nc6 3. Bc4 Bc5 4. O-O Nf6 5. d3 O-O 6. c3 d6 7. Nbd2 a5 
8. Re1 Ba7 9. h3 h6 10. Nf1 Be6 11. Bb5 Ne7 12. Ng3 c6 13. Ba4 b5 14. Bc2 a4 
15. d4 Ng6 16. b3 axb3 17. axb3 Qc7 18. Be3 Bb6 19. Qd2 Rfe8 20. b4 Reb8 
21. Nf5 Ne8 22. Red1 Bc4 23. Kh1 Be6 24. Kg1 Qd8 25. dxe5 dxe5 26. Qxd8 Bxd8 
27. g3 Bc7 28. Bc5 Nf6 29. h4 Rc8 30. Kf1 Kh7 31. Kg1 Re8 32. Kh1 Kh8 
33. Kh2 Kh7 34. Kg2 Kg8 35. Nd2 Red8 36. Nf1 Rdb8 37. N1e3 h5 38. Nf1 Nd7 
39. Ba7 Rb7 40. Be3 Rbb8 41. Ba7 Rb7 42. Be3 Rbb8 43. Nd2 Nb6 44. Rdc1 Rd8 
45. Nf3 Nc4 46. Ng5 Bxf5 47. exf5 Ne7 48. Bc5 Bd6 49. Bd1 Nxf5 50. Bxh5 g6 
51. Bf3 Ne7 52. Bxd6 Nxd6 53. Rd1 Rxa1 54. Rxa1 Rd7 55. g4 Kg7 56. Rd1 f5 
57. h5 Kf6 58. h6 Kxg5 59. h7 Rd8 60. Rxd6 Rh8 61. Bxc6 Nxc6 62. Rxc6 Rxh7 
63. gxf5 gxf5 64. Rc5 e4 65. Rxb5 Rc7 66. Rc5 Rd7 67. Rc4 Rd2 68. Kg3 f4+ 
69. Kh3 Rxf2 70. Rxe4 Rf3+ 71. Kg2 Rxc3 72. Re5+ 1/2-1/2

[Event "Wed Night Engine Tour 9 Rd Swiss 5m+1s Starts at 2200hrs ST"]
[Site "Infinity Chess"]
[Date "2018.4.11"]
[Round "7"]
[White "RonWeasley"]
[Black "BlitzMaster"]
[Result "1/2-1/2"]
[ECO "E32"]
[WhiteElo "2522"]
[BlackElo "2531"]
[WhiteEngine "BrainFish 090218_CTG"]
[BlackEngine "asmFishW_2018-04-11_popcnt"]
[EventType "Swiss"]
[WhiteTeam ""]
[BlackTeam ""]
[PlyCount "95"]
[TimeControl "300+1"]

1. d4 Nf6 2. c4 e6 3. Nc3 Bb4 4. Qc2 O-O 5. e4 d5 6. e5 Ne4 7. Bd3 c5 
8. Nf3 cxd4 9. Nxd4 Nd7 10. Bf4 Qh4 11. g3 Qh5 12. O-O g5 13. cxd5 Bxc3 
14. bxc3 exd5 15. Bxe4 dxe4 16. e6 gxf4 17. exd7 Bxd7 18. Qxe4 fxg3 19. fxg3 Bh3 
20. Rf3 Rfe8 21. Qxb7 Rab8 22. Qc6 Qg5 23. Qf6 Qxf6 24. Rxf6 Re3 25. Rh6 Bg4 
26. Rc1 Rb2 27. Rd6 Rxa2 28. c4 Rea3 29. c5 Rb2 30. Rd8+ Kg7 31. Rd5 Bh3 
32. Rh5 Bc8 33. Nf5+ Bxf5 34. Rxf5 Raa2 35. Rg5+ Kf6 36. Rh5 Kg6 37. Rh4 Rg2+ 
38. Kh1 Rgc2 39. Rxc2 Rxc2 40. Ra4 Kf6 41. Ra6+ Kg5 42. Rxa7 f5 43. Rxh7 f4 
44. Rh4 fxg3 45. hxg3 Rc1+ 46. Kg2 Rxc5 47. Kh3 Rc1 48. Rf4 1/2-1/2

[Event "Wed Night Engine Tour 9 Rd Swiss 5m+1s Starts at 2200hrs ST"]
[Site "Infinity Chess"]
[Date "2018.4.11"]
[Round "7"]
[White "Vimtiroba"]
[Black "Murx"]
[Result "1/2-1/2"]
[ECO "B10"]
[WhiteElo "2511"]
[BlackElo "2530"]
[WhiteEngine "SF9 ''A5''_CTG"]
[BlackEngine "asmFishW_2018-04-07_popcnt"]
[EventType "Swiss"]
[WhiteTeam ""]
[BlackTeam ""]
[PlyCount "343"]
[TimeControl "300+1"]

1. e4 c6 2. c3 d5 3. e5 Bf5 4. d4 e6 5. Nf3 c5 6. Be2 Nc6 7. O-O Bg6 8. Be3 Qb6 
9. Qd2 Nh6 10. a4 c4 11. Bxh6 gxh6 12. Nh4 Be4 13. f3 Bg6 14. f4 Be7 
15. Nxg6 hxg6 16. Qc2 h5 17. Nd2 Rc8 18. Bd1 Na5 19. Qc1 Bd8 20. Rb1 Be7 
21. Bc2 Qc6 22. Nf3 Kd7 23. Qd2 Kc7 24. Ng5 Qe8 25. Ra1 Kb8 26. Rab1 Rc6 
27. Qd1 Ra6 28. Qf3 Bd8 29. h4 Be7 30. Qe2 Rb6 31. g3 Bf8 32. Kg2 Bg7 
33. Rf2 Rg8 34. Kg1 a6 35. Qe3 Qd7 36. Qe2 Qe8 37. Rff1 Qd7 38. Kg2 Bh6 
39. Nf3 Rh8 40. Rf2 Bg7 41. Ng5 Rc8 42. Rff1 Rh8 43. Qe3 Rg8 44. Qe2 Rh8 
45. Rh1 Ka7 46. Rhe1 Kb8 47. Red1 Qe7 48. Nf3 Bh6 49. Qf2 Bg7 50. Rf1 Rc8 
51. Qd2 Rd8 52. Qe1 Qd7 53. Qd1 Qe7 54. Rf2 Nc6 55. Re2 Rc8 56. Re1 Rd8 
57. Ng5 Na5 58. Qe2 Rh8 59. Kh3 Rc8 60. Kg2 Bh6 61. Nf3 Qc7 62. Qf2 Rh8 
63. Nd2 Ka7 64. Nf3 Kb8 65. Nd2 Rc8 66. Re2 Bg7 67. Nf3 Qd7 68. Ree1 Bh6 
69. Red1 Ka7 70. Rd2 Nc6 71. Re2 Qd8 72. Qf1 a5 73. Ree1 Ne7 74. Nd2 Bg7 
75. Qf2 Bf8 76. Kh2 Qc7 77. Nf1 Kb8 78. Ne3 Bg7 79. Rec1 Ng8 80. Re1 Nh6 
81. Rf1 Rc6 82. Rfc1 Bf8 83. Rf1 Qd7 84. Kh1 Be7 85. Kg2 Rg8 86. Qf3 Rb6 
87. Bd1 Ba3 88. Qe2 Rc8 89. Qc2 Be7 90. Be2 Qc6 91. Bf3 Rb3 92. Ra1 Qd7 
93. Rfb1 Ka7 94. Bd1 Qc7 95. Nf1 Rg8 96. Qe2 Rb6 97. Bc2 Ng4 98. Ne3 Nh6 
99. Nf1 Kb8 100. Nh2 Ka8 101. Nf3 Ka7 102. Qe1 Kb8 103. Qd2 Ng4 104. Qe2 Ra6 
105. Bd1 Rc6 106. Qe1 Rc8 107. Qd2 Ka7 108. Bc2 Kb8 109. Bd1 Rb6 110. Bc2 Qd7 
111. Qe1 Nh6 112. Qe3 Rg8 113. Qe2 Qd8 114. Bd1 Ng4 115. Nd2 Qc7 116. Bc2 Rh8 
117. Nf1 Nh6 118. Ne3 Rc8 119. Nd1 Ng4 120. b3 cxb3 121. Rxb3 Rxb3 122. Bxb3 Qd8 
123. Kh3 Rc7 124. Ra2 Qc8 125. Qd3 Nh6 126. Bc2 Nf5 127. Qe2 Nh6 128. Qd2 Nf5 
129. Qe2 Nh6 130. Qd2 Nf5 131. Kh2 Ka7 132. Qe2 Nh6 133. Qd2 Nf5 134. Bd3 f6 
135. exf6 Bxf6 136. Rb2 Rg7 137. Rb5 Bd8 138. Nf2 b6 139. Rb1 Rc7 140. Rb3 Rf7 
141. Nh3 Qd7 142. Bb5 Qc8 143. Bd3 Qd7 144. Bb5 Qc8 145. Qd3 Rg7 146. Kg2 Rf7 
147. Kh2 Rg7 148. Ng1 Bc7 149. Qf3 g5 150. hxg5 h4 151. g4 Ne7 152. Bd3 Rf7 
153. Nh3 Bxf4+ 154. Nxf4 Qb8 155. Kh1 Rxf4 156. Qe2 e5 157. dxe5 Rxa4 
158. g6 Qc7 159. g7 Ra1+ 160. Kg2 a4 161. Rb4 Qxc3 162. Qc2 Qxb4 163. Qc7+ Ka8 
164. g8=Q+ Nxg8 165. Qc8+ Ka7 166. Qc7+ Ka8 167. Qc8+ Ka7 168. Qd7+ Kb8 
169. Qd8+ Ka7 170. Qd7+ Kb8 171. Qd8+ Ka7 172. Qd7+ 1/2-1/2

[Event "Wed Night Engine Tour 9 Rd Swiss 5m+1s Starts at 2200hrs ST"]
[Site "Infinity Chess"]
[Date "2018.4.11"]
[Round "7"]
[White "MCDermont"]
[Black "star99"]
[Result "1/2-1/2"]
[ECO "C42"]
[WhiteElo "2559"]
[BlackElo "2488"]
[WhiteEngine "BrainFish 090218"]
[BlackEngine "Cryptic Heroes 9.3B"]
[EventType "Swiss"]
[WhiteTeam ""]
[BlackTeam ""]
[PlyCount "275"]
[TimeControl "300+1"]

1. e4 e5 2. Nf3 Nf6 3. Nxe5 d6 4. Nf3 Nxe4 5. d4 d5 6. Bd3 Nc6 7. O-O Be7 
8. Nbd2 Nd6 9. c3 Bf5 10. Be2 O-O 11. Re1 a5 12. Nf1 a4 13. Bf4 Ne4 14. Ne3 Be6 
15. Nd2 f5 16. Nxe4 fxe4 17. Bg4 Bf7 18. f3 Bg5 19. Bxg5 Qxg5 20. fxe4 dxe4 
21. Qc2 Bg6 22. b3 a3 23. Be6+ Kh8 24. Qc1 Nd8 25. Bh3 c5 26. Nc4 Qxc1 
27. Raxc1 cxd4 28. Ne5 dxc3 29. Nxg6+ hxg6 30. Rxe4 Ra6 31. Rxc3 Rd6 32. Re1 Rd2 
33. Bg4 Rxa2 34. Rh3+ Kg8 35. Be2 Nf7 36. Bc4 b5 37. Be6 Rc2 38. Rf3 Rc7 
39. b4 Ra8 40. Bd5 Rd8 41. Ba2 Ra7 42. h3 Rdd7 43. Re5 Kh7 44. Rxb5 Rd1+ 
45. Kh2 Nd6 46. Ra5 Re7 47. Rfxa3 Re4 48. Rc5 Rxb4 49. Ra8 Rd2 50. Bg8+ Kh6 
51. Bb3 Nf5 52. Bc2 Rf4 53. Rc3 Rff2 54. Be4 Kg5 55. Rc5 Kf4 56. Bb7 Kg5 
57. Be4 Rf1 58. Ra7 Rff2 59. Rf7 Rb2 60. Ra5 Rbd2 61. Rf8 Rde2 62. Kg1 Ra2 
63. Rc5 Rf4 64. Bf3 Ra1+ 65. Kh2 Ra2 66. Bd5 Rd2 67. Ba8 Rff2 68. Be4 Rf1 
69. Ra5 Rff2 70. Bd5 Rf4 71. Rg8 Rff2 72. Rf8 Rf4 73. Bc6 Rff2 74. Ra4 Rf4 
75. Ra5 Rff2 76. Be4 Rde2 77. Kg1 Ra2 78. Rc5 Rf4 79. Bf3 Ra1+ 80. Kh2 Ra2 
81. Bc6 Rf1 82. Rc4 Rf4 83. Rc1 Ne3 84. Rg8 Rff2 85. Rb1 Nf5 86. Rgb8 Nd4 
87. Ba8 Nf5 88. R1b4 Rf4 89. Rxf4 Kxf4 90. Rb4+ Kg5 91. Bd5 Ra1 92. Rb8 Ne3 
93. Bc6 Ra2 94. Rb6 Rd2 95. Be4 Kf4 96. Bf3 g5 97. Re6 Nf1+ 98. Kg1 Ng3 
99. Re1 Rd4 100. Bg4 Rd2 101. Ra1 g6 102. Bf3 Nf5 103. Kh2 Rd4 104. Ra6 Nd6 
105. Bg4 Rd2 106. Bf3 Rd4 107. Ra2 Nf5 108. Rf2 Rd6 109. Rb2 Rd3 110. Rb6 Nd6 
111. Rb1 Nf5 112. Rb5 Rd4 113. Rb6 Nd6 114. Be2 Rd2 115. Bg4 Ke5 116. Rc6 Kf4 
117. Be2 Ne4 118. Bg4 Nd6 119. Kh1 Rd5 120. Kg1 Rd2 121. Kh2 Rd4 122. g3+ Ke4 
123. Kg2 Rd2+ 124. Kf1 Rd3 125. Be2 Rd4 126. Rc5 Nf5 127. Kf2 Rd2 128. Rc8 Rb2 
129. Re8+ Kd5 130. g4 Nd4 131. Re3 Kd6 132. Re4 Kd5 133. Re3 Nxe2 
134. Rxe2 Rxe2+ 135. Kxe2 Ke5 136. Ke1 Kf6 137. Ke2 Kg7 138. Kf3 1/2-1/2